 Dungeon Crawl Stone Soup version 0.31-a0-851-g7ff8af7976 (webtiles) character file.

Game seed: 16507362532519369543

4 Descartes the Ducker (level 1, 0/9 HPs)
             Began as a Spriggan Wanderer on Oct 6, 2023.
             Succumbed to a goblin's poison
             ... on level 1 of the Dungeon.
             The game lasted 00:00:37 (152 turns).

Descartes the Ducker (Spriggan Wanderer)             Turns: 152, Time: 00:00:38

Health: 0/9        AC:  2    Str:  9    XL:     1   Next: 58%
Magic:  3/3        EV: 19    Int: 15    God:
Gold:   0          SH:  0    Dex: 11    Spells: 1/2 levels left

rFire   . . .        a - +0 dagger
rCold   . . .        (no shield)
rNeg    . . .        d - +0 robe
rPois   .            (helmet restricted)
rElec   .            (no cloak)
rCorr   .            (gloves unavailable)
SInv    +            (boots unavailable)
Will    .....        (no amulet)
Stlth   ++           (no ring)
HPRegen 0.21/turn    (no ring)
MPRegen 0.08/turn

%: no passive effects
@: lethally poisoned (0 -> -6), very quick
A: very small, no large weapons, unfitting armour, see invisible, speed 3
a: no special abilities


You were on level 1 of the Dungeon.
You visited 1 branch of the dungeon, and saw 1 of its levels.

Inventory:

Hand Weapons
 a - a +0 dagger (weapon)
Armour
 d - a +0 robe (worn)
Wands
 b - a wand of polymorph (3)
Potions
 c - a potion of haste


   Skills:
 + Level 0.8 Short Blades
 - Level 6.8 Dodging
 + Level 1.3 Stealth
 - Level 1.3 Spellcasting
 - Level 1.3 Transmutations
 - Level 2.6 Evocations


You had one spell level left.
You knew the following spells:

 Your Spells              Type           Power      Damage    Failure   Level
a - Sting                 Tmut/Pois      12%        1d3       19%         1

Your spell library contained the following spells:

 Spells                   Type           Power      Damage    Failure   Level
 Ignite Poison            Fire/Tmut/Pois 2%         N/A       52%         3


Dungeon Overview and Level Annotations

Branches:
Dungeon (1/15)

Altars:

Shops:
D:1 [

Annotations:
D:1 1 transporter


Innate Abilities, Weirdness & Mutations

You are very small and have problems with some larger weapons.
You are too small for most types of armour.
You have supernaturally acute eyesight. (SInv)
You cover ground extremely quickly. (Speed+++)


Message History

You are too injured to fight recklessly!
You are too injured to fight recklessly!
You are too injured to fight recklessly!
You are too injured to fight recklessly!
Unknown command.
The goblin attacks as it pursues you! The goblin closely misses you.
A goblin is nearby!
The goblin hits you with a +0 club.
You barely miss the goblin.
The goblin is moderately wounded.
The goblin closely misses you.
You hit the goblin.
You kill the goblin!
The goblin hits you but does no damage.
You barely miss the goblin. The goblin closely misses you.
The hobgoblin misses you.
You hit the goblin.
The goblin is severely wounded.
The goblin closely misses you. The hobgoblin closely misses you.
You barely miss the goblin.
The goblin is severely wounded.
The goblin hits you with a +0 dagger of venom.
You are lethally poisoned!
The hobgoblin barely misses you.
You barely miss the goblin.
The goblin is severely wounded.
You feel sick. The goblin closely misses you. The hobgoblin hits you.
* * * LOW HITPOINT WARNING * * *
You are too injured to fight recklessly!
You are too injured to fight recklessly!
You are too injured to fight recklessly!
You are too injured to fight recklessly!
You are too injured to fight recklessly!
You are too injured to fight recklessly!
You are too injured to fight recklessly!
You are too injured to fight recklessly!
You are too injured to fight recklessly!
You are too injured to fight recklessly!
Unknown command.
You die...

....# #.#.# ..#.# ###.# #.#
###.### #####
......#####...##
..#.#.##.#.....############
.............∩g.@.........#
..#.#..#.#....g##########.#
..............## ###
######.#.#....# ##8_8##
##...#...# #.....#
##.##...# ##.....##
#.##...# #.......#
#.##...#####..8.8..#
#..........#.......#


You could see a hobgoblin and a goblin.

Vanquished Creatures
  A bat (D:1)
  A goblin (D:1)
  A quokka (D:1)
  A ball python (D:1)
4 creatures vanquished.

Notes
Turn   | Place    | Note
-------+----------+-------------------------------------------
     0 | D:1      | Descartes the Spriggan Wanderer began the quest for the
                  | Orb.
     0 | D:1      | Descartes set off with the following items: a +0 dagger, a
                  | wand of polymorph (3), a potion of haste, a +0 robe; and
                  | the following spell memorised: Sting; and the following
                  | spells available to memorise: Ignite Poison.
     0 | D:1      | Reached XP level 1. HP: 9/9 MP: 3/3
    51 | D:1      | Found Imudyem's Armour Shoppe.
    98 | D:1      | Reached skill level 1 in Stealth
   107 | D:1      | Found a faded altar of an unknown god.
   152 | D:1      | Succumbed to a goblin's poison

Illustrated notes

Levels and vault maps discovered:
D:1:      spicycebolla_arrival_risky_transporter, layout_loops_ring,
          serial_shops, shop, hellmonk_ecumenical_altar_prayer_group

Skill      XL: |  1 |
---------------+----+-----
Stealth        | 1 |  1.3
Short Blades   | |  0.8
Dodging        | |  6.8
Spellcasting   | |  1.3
Transmutations | |  1.3
Evocations     | |  2.6

Action                     || total
---------------------------++-------
  Melee: Dagger            ||    24
 Armour: Robe              ||    10
  Dodge: Dodged            ||    27

Table legend: (Time is in decaauts)
 A = Elapsed time spent in this place.
 B = Non-inter-level travel time spent in this place.
 C = Inter-level travel time spent in this place.
 D = Time resting spent in this place.
 E = Time spent auto-exploring this place.
 F = Levels seen in this place.
 G = Mean time per level.
                   A        B        C        D        E       F      G
               +--------+--------+--------+--------+--------+-----+--------+
         Total |    102 |    102 |      0 |      0 |     54 |   1 |  102.0 |
       Dungeon |    102 |    102 |      0 |      0 |     54 |   1 |  102.0 |
               +--------+--------+--------+--------+--------+-----+--------+

Top non-repeatable levels by time:
     D:1: 102 daAuts
